Map: Traitor's Exile

Players

PureLegacy - Winner!

  • Race: Terran Terran
  • Spawn Location: 5:00

Noah - Winner!

  • Race: Terran Terran
  • League: Diamond
  • Spawn Location: 6:00

VOIP

  • Race: Zerg Zerg
  • League: Master
  • Spawn Location: 12:00

Miszu

  • Race: Terran Terran
  • League: Grandmaster
  • Spawn Location: 9:00

VOD

Have the link to the VOD?

Description

Time

  • Played on: Dec. 3, 2018, 9:28 a.m.
  • Length: 4:54
Show
View Real Time Build Order
Export as new Build Order

PureLegacy Terran - Winner!

Build Orders:  

Get SALT Encoding   

  12  0:01  SCV  
  13  0:13  SCV  
  14  0:18  Supply Depot  
  14  0:25  SCV  
  15  0:30  Refinery  
  15  0:39  SCV  
  16  0:46  Barracks  
  16  0:52  SCV  
  17  1:05  Barracks  
  17  1:18  Barracks  
  17  1:23  SCV  
  18  1:33  Reaper  
  19  1:41  Orbital Command  
  19  1:50  Refinery  
  19  1:52  Reaper  
  20  2:02  Supply Depot  
  20  2:05  Reaper  
  22  2:25  Reaper  
  22  2:28  Barracks  
  22  2:34  Reaper  
  23  2:40  Reaper  
  23  2:41  Barracks  
  24  2:52  SCV  
  24  2:57  Reaper  
  26  3:02  Supply Depot  
  26  3:06  Reaper  
  26  3:09  SCV  
  28  3:15  Reaper  
  29  3:20  Reaper  
  30  3:29  Reaper  
  32  3:34  Reaper  
  32  3:37  Supply Depot  
  32  3:39  Reaper  
  33  3:48  Reaper  
  33  3:51  SCV  
  33  3:53  Reaper  
  36  4:03  Reaper  
  37  4:15  Reaper  
  37  4:21  Reaper  
  37  4:26  Bunker x2  
  37  4:27  Bunker  
Show
View Real Time Build Order
Export as new Build Order

Noah Terran - Winner!

Build Orders:  

Get SALT Encoding   

  12  0:00  SCV  
  13  0:12  SCV  
  14  0:18  Supply Depot  
  14  0:24  SCV  
  15  0:33  Refinery  
  16  0:45  Barracks  
  15  0:55  Barracks  
  15  1:02  Refinery  
  15  1:07  SCV  
  16  1:25  Barracks  
  16  1:33  Reaper  
  17  1:42  Reaper  
  18  1:59  Orbital Command  
  18  2:06  Reaper  
  19  2:12  Reaper  
  20  2:33  Reaper  
  20  2:34  SCV  
  22  2:38  Reaper  
  21  2:50  Reaper  
  21  2:51  SCV  
  23  2:54  Supply Depot  
  23  3:16  Reaper x2  
  21  3:53  Reaper x2  
  21  3:55  SCV  
  20  3:56  Reaper  
Show
View Real Time Build Order
Export as new Build Order

VOIP Zerg 

Build Orders: Pool First 

Get SALT Encoding   

  12  0:04  Drone  
  13  0:12  Overlord  
  13  0:18  Drone  
  14  0:30  Drone  
  14  0:31  Drone  
  16  0:44  Spawning Pool  
  16  0:46  Drone  
  16  0:49  Extractor  
  15  0:57  Drone  
  16  1:14  Overlord  
  16  1:31  Queen, Zergling x6  
  21  1:37  Roach Warren  
  20  2:26  Roach  
  20  2:27  Roach x2  
  25  2:38  Roach  
  27  2:57  Roach  
  27  2:58  Overlord  
  29  3:14  Hatchery  
  29  3:19  Roach  
  32  3:20  Roach x2  
  32  3:22  Extractor  
  33  3:29  Ravager x2  
  33  3:32  Overlord  
  33  3:51  Roach x2  
  33  3:52  Roach  
  39  4:07  Roach x2  
  43  4:18  Roach  
Show
View Real Time Build Order
Export as new Build Order

Miszu Terran 

Build Orders:  

Get SALT Encoding   

  12  0:00  SCV  
  14  0:16  Supply Depot  
  14  0:19  SCV  
  14  0:38  Barracks  
  14  0:41  Refinery  
  14  0:56  Barracks  
  14  1:01  SCV  
  15  1:13  SCV  
  15  1:17  Refinery  
  16  1:25  Reaper  
  17  1:28  SCV  
  18  1:44  Reaper  
  19  1:50  Orbital Command  
  19  1:57  Reaper  
  20  2:16  SCV  
  20  2:17  Reaper  
  22  2:29  Reaper  
  23  2:36  Supply Depot  
  22  2:49  Reaper  
  21  2:52  SCV  
  21  2:55  Factory  
  22  3:01  Reaper  
  24  3:05  SCV  
  24  3:17  SCV  
  22  3:29  Reaper, SCV  
  19  3:39  Reaper  
  15  3:42  SCV  
  13  3:54  SCV  
  10  4:01  Reaper  
  6  4:11  Reaper  
Tags
 
Add a new tag
Caveats
  • Supply blocks, unpowered buildings, or Contaminate may cause inaccurate times.
  • Supply counts are checked every 10 seconds.